 Dungeon Crawl Stone Soup version 0.26-a0-597-gb535b0901c (webtiles) character file.

Game seed: 16083326599847424388

163 Ge0ff the Covert (level 5, 0/32 HPs)
             Began as a Kobold Delver on Sept 2, 2020.
             Slain by an ufetubus (4 damage)
             ... on level 6 of the Dungeon.
             The game lasted 00:01:49 (1169 turns).

Ge0ff the Covert (Kobold Delver)                    Turns: 1169, Time: 00:01:50

Health: 0/32       AC:  3    Str: 10    XL:     5   Next: 72%
Magic:  5/5        EV: 15    Int: 11    God:
Gold:   44         SH:  0    Dex: 17    Spells: 4/4 levels left

rFire    . . .     SeeInvis .   a - +0 short sword
rCold    . . .     Faith    .   (shield restricted)
rNeg     . . .     Spirit   .   b - +0 leather armour
rPois    .         Reflect  .   (no helmet)
rElec    .         Harm     .   (no cloak)
rCorr    .                      (no gloves)
MR       .....                  (no boots)
Stlth    +++++.....             (no amulet)
HPRegen  0.10/turn              (no ring)
MPRegen  0.09/turn              (no ring)

@: lethally poisoned (0 -> -1)
A: small, nightstalker 3
a: no special abilities


You were on level 6 of the Dungeon.
You visited 1 branch of the dungeon, and saw 2 of its levels.

You collected 44 gold pieces.

Inventory:

Hand Weapons
 a - a +0 short sword (weapon)
Missiles
 R - 18 poisoned darts
 T - 10 boomerangs (quivered)
Armour
 b - a +0 leather armour (worn)
Wands
 d - a wand of digging (3)
 P - a wand of polymorph (10)
Scrolls
 m - a scroll of magic mapping
 F - a scroll of fog


   Skills:
 - Level 3.2 Fighting
 + Level 5.4 Short Blades
 - Level 2.4 Dodging
 + Level 8.4 Stealth


You had 4 spell levels left.
You didn't know any spells.
Your spell library was empty.

Dungeon Overview and Level Annotations

Branches:
Dungeon (6/15)
 Temple: D:4-7

Altars:


Innate Abilities, Weirdness & Mutations

You are small and have problems with some larger weapons.
You are completely attuned to the shadows.


Message History

You feel sick.
You feel sick.
You feel sick.
You feel sick.
You feel sick.
There is a stone staircase leading down here.
You climb downwards.
The ufetubus barely misses you. The ufetubus misses you.
The ufetubus closely misses you. The ufetubus completely misses you.
The ufetubus hits you but does no damage.
The ufetubus completely misses you.
There is a stone staircase leading up here.
You aren't carrying any potions.
As you read the scroll labeled SAYFUO ICRAUJ, it crumbles to dust.
You feel blessed for a moment.
It was a scroll of remove curse.
You feel sick. The ufetubus closely misses you. x2
As you read the scroll labeled LECADU EBYO, it crumbles to dust.
It is a scroll of identify.
You don't have any unidentified items.
The ufetubus misses you. The ufetubus hits you.
You die...

###....#####....#..#
.###.............#.##..
.....(.#...####.##...#.
.....#.....###..# ##.
.....##........##
.....).........#
......#........#
......#........#
..:...#..@5....#
Z....###..#..##
#......# #.##...#
#.###..# #........#
###.###... #.#


.os You could see an ufetubus.

Vanquished Creatures
  A phantom (D:5)
  2 hounds
  An adder (D:5)
  A leopard gecko (D:5)
  An orc (D:5)
  A quokka zombie (D:5)
7 creatures vanquished.

Notes
Turn   | Place    | Note
-------+----------+-------------------------------------------
     0 | D:5      | Ge0ff the Kobold Delver began the quest for the Orb.
     0 | D:5      | Reached XP level 1. HP: 14/14 MP: 1/1
     2 | D:6      | Noticed a hound
     5 | D:6      | Noticed a scorpion
     6 | D:6      | Killed a hound
     6 | D:6      | Reached skill level 7 in Stealth
     6 | D:6      | Reached XP level 2. HP: 19/19 MP: 2/2
     6 | D:6      | Reached XP level 3. HP: 23/23 MP: 3/3
   622 | D:5      | Noticed a phantom
   633 | D:5      | Killed a phantom
   633 | D:5      | Reached skill level 5 in Short Blades
   633 | D:5      | Reached skill level 8 in Stealth
   633 | D:5      | Reached XP level 4. HP: 5/28 MP: 4/4
   633 | D:5      | Reached XP level 5. HP: 6/32 MP: 5/5
  1169 | D:6      | Slain by an ufetubus

Illustrated notes

Levels and vault maps discovered:
D:5:      layout_gridville
D:6:      layout_rooms, ebering_ghost_reflecting_pool, uniq_edmund

Skill      XL: |  1  2  3 |
---------------+----------+-----
Short Blades   | 3 5 |  5.4
Stealth        | 7 8 |  8.4
Fighting       | |  3.2
Dodging        | |  2.4

Action                   |  1- 3 |  4- 6 || total
-------------------------+-------+-------++-------
Melee: Short sword       |    27 |    17 ||    44
Throw: Boomerang         |     3 |     2 ||     5
  Use: Potion            |     1 |       ||     1
       Scroll            |       |     3 ||     3
 Stab: Sleeping          |     5 |       ||     5
Armor: Leather armour    |     6 |     2 ||     8
Dodge: Dodged            |    32 |    19 ||    51

Table legend: (Time is in decaauts)
 A = Elapsed time spent in this place.
 B = Non-inter-level travel time spent in this place.
 C = Inter-level travel time spent in this place.
 D = Time resting spent in this place.
 E = Time spent auto-exploring this place.
 F = Levels seen in this place.
 G = Mean time per level.
                   A        B        C        D        E       F      G
               +--------+--------+--------+--------+--------+-----+--------+
         Total |   1146 |   1146 |      0 |    253 |    719 |   2 |  573.0 |
       Dungeon |   1146 |   1146 |      0 |    253 |    719 |   2 |  573.0 |
               +--------+--------+--------+--------+--------+-----+--------+

Top non-repeatable levels by time:
     D:5: 1079 daAuts
     D:6: 66 daAuts
